 Dungeon Crawl Stone Soup version 0.31.0-11-ge490571c62 (webtiles) character file.

Game seed: 6051654421629410462

1321 jagang the Slasher (level 8, -9/65 HPs)
             Began as a Human Monk on Feb 7, 2024.
             Was a Believer of the Shining One.
             Mangled by Menkaure (15 damage)
             ... on level 4 of the Dungeon.
             The game lasted 00:10:31 (4544 turns).

jagang the Slasher (Human Monk)                     Turns: 4544, Time: 00:10:31

Health: -9/65      AC: 11    Str: 12    XL:     8   Next: 59%
Magic:  8/8        EV: 12    Int: 10    God:    the Shining One [**....]
Gold:   248        SH:  0    Dex: 18    Spells: 7/7 levels left

rFire   . . .        w - +0 short sword (elec)
rCold   . . .        (no shield)
rNeg    + + .        o - +0 chain mail
rPois   .            z - +0 helmet
rElec   .            l - +0 cloak
rCorr   .            (no gloves)
SInv    .            (no boots)
Will    .....        (no amulet) Stlth
                     h - +5 ring of evasion
HPRegen 0.30/turn    e - ring of positive energy
MPRegen 0.11/turn

%: no passive effects
@: glowing
A: explore regen, inability to drink after injury 1
a: Renounce Religion, Divine Shield


You were on level 4 of the Dungeon.
You worshipped the Shining One.
The Shining One was pleased with you.
You visited 2 branches of the dungeon, and saw 6 of its levels.

You collected 248 gold pieces.

Inventory:

Hand Weapons
 a - a +1 falchion
 w - a +0 short sword of electrocution (weapon)
Missiles
 f - 3 javelins (quivered)
 p - 5 poisoned darts
 q - 3 boomerangs
Armour
 l - a +0 cloak (worn)
 o - a +0 chain mail (worn)
 z - a +0 helmet (worn)
Jewellery
 e - a ring of positive energy (right hand)
 h - a +5 ring of evasion (left hand)
 i - a ring of ice
Wands
 B - a wand of roots (7)
Scrolls
 b - 2 scrolls of amnesia {unknown}
 j - a scroll of poison {unknown}
 k - a scroll of butterflies {unknown}
 m - a scroll of blinking {unknown}
 n - a scroll of silence {unknown}
 r - a scroll of vulnerability {unknown}
 s - 6 scrolls of enchant weapon
 t - a scroll of brand weapon {unknown}
 y - a scroll of teleportation {unknown}
 A - a scroll of enchant armour {unknown}
Potions
 c - a potion of ambrosia
 d - 2 potions of resistance {unknown}
 g - 2 potions of mutation
 u - a potion of berserk rage {unknown}
 v - 2 potions of attraction {unknown}
 x - a potion of curing {unknown}


   Skills:
 * Level 6.6 Fighting
 * Level 6.7 Long Blades
 + Level 3.5 Throwing
 + Level 3.8 Armour
 - Level 3.0 Dodging


You had 7 spell levels left.
You didn't know any spells.
Your spell library contained the following spells:

 Spells                   Type           Power      Damage    Failure   Level
 Call Imp                 Summ           0%         N/A       100%        2
 Ensorcelled Hibernation  Hex/Ice        0%         N/A       100%        2
 Static Discharge         Conj/Air       0%         3-3/arc   100%        2
 Sublimation of Blood     Necr           0%         N/A       100%        2
 Fugue of the Fallen      Necr           0%         N/A       100%        3
 Airstrike                Air            0%         2d(0-16)  100%        4
 Anguish                  Hex/Necr       0%         N/A       100%        4
 Summon Lightning Spire   Summ/Air       0%         N/A       100%        4
 Summon Hydra             Summ           0%         N/A       100%        7


Dungeon Overview and Level Annotations

Branches:
Dungeon (5/15)             Temple (1/1) D:5

Altars:
Ashenzari
Cheibriados
Dithmenos
Elyvilon
Fedhas
Gozag
Hepliaklqana
Kikubaaqudgha
Makhleb
Nemelex Xobeh
Okawaru
Ru
Sif Muna
Trog
Vehumet
Wu Jian
Xom
Yredelemnul
Zin
The Shining One

Annotations:
D:4 1 transporter, Menkaure


Innate Abilities, Weirdness & Mutations

You regain HP and MP as you explore.
You occasionally lose the ability to drink potions when taking damage.


Message History

Okay, then.
Okay, then.
The hound skeleton bites you.
Menkaure casts a spell.
Menkaure seems to speed up.
The hound skeleton bites you but does no damage.
You hit the hound skeleton.
Lightning courses through the hound skeleton!
The hound skeleton is almost destroyed.
The hound skeleton closely misses you.
You hit the hound skeleton but do no damage.
The hound skeleton is almost destroyed.
Menkaure hits you!! The hound skeleton closely misses you.
Unknown command.
You hit the hound skeleton.
The hound skeleton is almost destroyed.
Menkaure barely misses you. The hound skeleton barely misses you.
Unknown command.
You completely miss the hound skeleton.
The hound skeleton is almost destroyed.
The hound skeleton barely misses you. Menkaure hits you!
You hit the hound skeleton.
You destroy the hound skeleton!
The Shining One accepts your kill. Menkaure hits you.
You hit Menkaure. You punch Menkaure.
Menkaure is moderately damaged.
You hit Menkaure.
Menkaure is moderately damaged.
Menkaure hits you!
* * * LOW HITPOINT WARNING * * *
You hit Menkaure.
Menkaure is moderately damaged.
Menkaure hits you.
* * * LOW HITPOINT WARNING * * *
Okay, then.
It was a potion of mutation.
You feel extremely strange.
You occasionally lose the ability to drink potions when taking damage.
Menkaure hits you!
You die...

#.# ################# #.#
#...............#
###.###.#############.#
...#....#©...[......#.#
.##.###.#)..........#.#
##...##.#$.###.###..#.#
#.....#.#_.#8#.#8#..#.##
........#}..........#..##
#...[..©#⌠....©.@...#©..#
##......#$.......M..#...#
##.#.#.#_.#8#.#8#..#...#
#.#.#.#$.###.###..#..##
###.#.#.#[..........#..#
........#...........#..#
.#####..#############..#
.# #.................# .#
#.###..###.###.#..#


You could see Menkaure (fast).

Vanquished Creatures
  Pikel (D:5)
  2 black bears (D:4)
  An ogre (D:5)
  A centaur (D:5)
  2 lemures (D:5)
  A scorpion (D:4)
  A howler monkey (D:5)
  A bombardier beetle (D:4)
  A hound (D:4)
  A jelly (D:5)
  Jessica (D:3)
  An orc wizard (D:3)
  Ijyb (D:5)
  A hound skeleton (D:4)
  Robin (D:5)
  4 gnolls (D:5)
  8 adders
  2 ufetubi (D:5)
  5 dart slugs
  14 orcs
  5 endoplasms
  3 giant cockroaches
  7 goblins
  13 hobgoblins
  3 jackals (D:3)
  4 quokkas
  5 ball pythons
  5 bats
  5 frilled lizards
  3 kobolds
  5 rats
108 creatures vanquished.

Vanquished Creatures (others)
  A jackal (D:4)
1 creature vanquished.

Grand Total: 109 creatures vanquished

Notes
Turn   | Place    | Note
-------+----------+-------------------------------------------
     0 | D:1      | jagang the Human Monk began the quest for the Orb.
     0 | D:1      | Reached XP level 1. HP: 18/18 MP: 1/1
    71 | D:1      | Reached XP level 2. HP: 19/24 MP: 2/2
   380 | D:1      | Reached XP level 3. HP: 26/29 MP: 3/3
   467 | D:2      | Reached skill level 1 in Armour
  1374 | D:3      | Reached XP level 4. HP: 36/37 MP: 4/4
  1463 | D:3      | Found a faded altar of an unknown god.
  1476 | D:3      | Found an opulent altar of Gozag.
  1770 | D:3      | Noticed Jessica
  1776 | D:3      | Killed Jessica
  2049 | D:3      | Reached skill level 1 in Throwing
  2051 | D:3      | Found a hazy altar of Hepliaklqana.
  2054 | D:3      | Found a sacrificial altar of Ru.
  2101 | D:3      | Reached XP level 5. HP: 41/42 MP: 5/5
  2199 | D:4      | Noticed a black bear
  2217 | D:4      | Killed a black bear
  2218 | D:4      | Reached XP level 6. HP: 18/49 MP: 6/6
  2352 | D:4      | Noticed a black bear
  2365 | D:4      | Killed a black bear
  2442 | D:4      | Reached skill level 5 in Fighting
  2442 | D:4      | Reached skill level 5 in Long Blades
  2610 | D:4      | Reached XP level 7. HP: 54/56 MP: 7/7
  2724 | D:4      | Found an ancient bone altar of Kikubaaqudgha.
  2724 | D:4      | Found a transporter.
  2724 | D:4      | Noticed Menkaure
  2725 | D:4      | Found a basalt altar of Yredelemnul.
  2726 | D:4      | Identified the +0 robe "Wezafaes" {Fly Int+3}
  2768 | D:4      | Found a transporter.
  3197 | D:5      | Entered Level 5 of the Dungeon
  3210 | D:5      | Noticed Pikel
  3244 | D:5      | Killed Pikel
  3245 | D:5      | Reached XP level 8. HP: 22/64 MP: 8/8
  3736 | D:5      | Found a staircase to the Ecumenical Temple.
  3741 | Temple   | Entered the Ecumenical Temple
  3760 | Temple   | Became a worshipper of the Shining One
  3760 | Temple   | Reached * piety under the Shining One
  3760 | Temple   | Reached ** piety under the Shining One
  4237 | D:5      | Noticed Robin
  4240 | D:5      | Noticed Ijyb
  4253 | D:5      | Killed Ijyb
  4257 | D:5      | Killed Robin
  4544 | D:4      | Gained mutation: You occasionally lose the ability to drink
                  | potions when taking damage. [potion of mutation]
  4544 | D:4      | Mangled by Menkaure

Illustrated notes

Levels and vault maps discovered:
D:1:      roderic_dead_forest, layout_basic
D:2:      layout_basic, minivault_19
D:3:      layout_basic, grunt_gozag_breadcrumbs, jmf_multi_god_temple2,
          basic_ecumenical_altar, uniq_jessica
D:4:      layout_loops_ring, gammafunk_temple_of_torment,
          guppyfry_early_lair_pool
D:5:      layout_basic, temple_doors_e, nicolae_goblin_pals, uniq_pikel
Temple:   eino_wide_crystal_templ

Skill      XL: |  1  2  3  4  5  6  7 |
---------------+----------------------+-----
Armour         | 1 2 3 |  3.8
Fighting       | 4 5 6 |  6.6
Long Blades    | 4 5 6 |  6.7
Throwing       | 1 2 3 |  3.5
Dodging        | |  3.0

Action                     |  1- 3 |  4- 6 |  7- 9 || total
---------------------------+-------+-------+-------++-------
  Melee: Falchion          |    87 |    73 |       ||   160
         Short sword       |       |    13 |   141 ||   154
         Punch             |       |       |     1 ||     1
  Throw: Boomerang         |    16 |    14 |     4 ||    34
         Javelin           |       |     2 |     2 ||     4
         Dart              |       |     2 |       ||     2
    Use: Scroll            |     1 |       |       ||     1
         Potion            |       |       |     1 ||     1
 Armour: Ring mail         |    28 |       |       ||    28
         Robe              |     2 |       |       ||     2
         Chain mail        |    18 |    83 |    84 ||   185
  Dodge: Dodged            |    64 |    69 |    68 ||   201
